 Dungeon Crawl Stone Soup version 0.31-a0-940-gdaa99269f9 (webtiles) character file.

Game seed: 145306884492931039

14 Dylgear the Shield-Bearer (level 2, 24/24 HPs)
             Began as a Formicid Fighter on Oct 21, 2023.
             Got out of the dungeon alive.
             The game lasted 00:01:23 (420 turns).

Dylgear the Shield-Bearer (Formicid Fighter)         Turns: 420, Time: 00:01:24

Health: 24/24      AC:  6    Str: 20    XL:     2   Next: 55%
Magic:  2/2        EV:  9    Int:  7    God:
Gold:   20         SH:  5    Dex: 13    Spells: 1/1 levels left

rFire   . . .        a - +0 war axe
rCold   . . .        c - +0 buckler
rNeg    . . .        b - +0 scale mail
rPois   .            (helmet unavailable)
rElec   .            (no cloak)
rCorr   .            (no gloves)
SInv    +            (no boots)
Will    .....        (no amulet) Stlth
                     (no ring)
HPRegen 0.24/turn    (no ring)
MPRegen 0.08/turn

%: no passive effects
@: no status effects
A: permanent stasis, dig shafts and tunnels, antennae 3, four strong arms
a: Dig, Shaft Self


You escaped.
You visited 1 branch of the dungeon, and saw 1 of its levels.

You collected 20 gold pieces.

Inventory:

Hand Weapons
 a - a +0 war axe (weapon)
Armour
 b - a +0 scale mail (worn)
 c - a +0 buckler (worn)
Scrolls
 e - a scroll of silence {unknown}
 g - a scroll of identify {unknown}
Potions
 d - a potion of might
 f - a potion of enlightenment {unknown}


   Skills:
 + Level 3.4 Fighting
 + Level 2.3 Axes
 + Level 3.5 Armour
 + Level 4.3 Shields


You had one spell level left.
You didn't know any spells.
Your spell library was empty.

Dungeon Overview and Level Annotations

Branches:
Dungeon (1/15)

Altars:


Innate Abilities, Weirdness & Mutations

You cannot be hasted, slowed, berserked, paralysed or teleported.
You can dig through walls and to a lower floor.
You have a pair of large antennae on your head. (SInv)
Your four strong arms can wield two-handed weapons with a shield.


Message History

You see here a ball python corpse.
You now have 20 gold pieces (gained 10).
A kobold comes into view. It is wielding a +0 short sword.
The kobold shouts!
You hear a shout!
You slash the kobold!
You kill the kobold!
No target in view!
No target in view!
No target in view!
A rat comes into view.
A goblin comes into view. It is wielding a +0 dagger.
You see here a ball python corpse.
There is an open door here.
You block the goblin's attack.
There is an open door here.
You hit the goblin.
You kill the goblin!
You closely miss the rat. The rat bites you but does no damage.
The rat bites you. You block the rat's attack.
Things that are here:
a +0 dagger; a goblin corpse The rat bites you but does no damage.
You closely miss the rat. The rat bites you but does no damage.
You hit the rat.
The rat is heavily wounded.
The rat bites you but does no damage. x2
You slash the rat!
You kill the rat!
You open the door.
There is an open door here.
There is an open door here.
There is an open door here.
There is an open door here.
There is an open door here.
There is an open door here.
There is an open door here.
There is a staircase leading out of the dungeon here.
You can't go down here!
You have escaped!

.........#.....######....##.#
.........'.....'...##....# #
......####.....###.##.)..#
......# #.....# #.###'###
......# #.....# #.###.#.##.#
......# #.....# #.##.......#
......# ####### #.##..######
......# #>#####.##..# ......#
#....@#.....#
####'#######.#########.#
#.#.....#'# #.......#
#.#.###...# #.####### #.#.#
#.### ####.#.# #.# .....#.#
#.# ######.# #.# .......# #.#


There were no monsters in sight!

Vanquished Creatures
  A dart slug (D:1)
  An endoplasm (D:1)
  A giant cockroach (D:1)
  A quokka (D:1)
  3 ball pythons (D:1)
  A bat (D:1)
  A goblin (D:1)
  A kobold (D:1)
  2 rats (D:1)
12 creatures vanquished.

Notes
Turn   | Place    | Note
-------+----------+-------------------------------------------
     0 | D:1      | Dylgear the Formicid Fighter began the quest for the Orb.
     0 | D:1      | Reached XP level 1. HP: 18/18 MP: 1/1
    98 | D:1      | Found a faded altar of an unknown god.
   187 | D:1      | Reached XP level 2. HP: 20/24 MP: 2/2
   420 | D:$      | Got out of the dungeon alive.

Illustrated notes

Levels and vault maps discovered:
D:1:      amcnicky_arrival_choice, layout_basic, basic_ecumenical_altar,
          hex_medium, minmay_cut_off

Action                     || total
---------------------------++-------
  Melee: War axe           ||    32
 Armour: Scale mail        ||    37
  Dodge: Dodged            ||    15
  Block: Buckler           ||     6

Table legend: (Time is in decaauts)
 A = Elapsed time spent in this place.
 B = Non-inter-level travel time spent in this place.
 C = Inter-level travel time spent in this place.
 D = Time resting spent in this place.
 E = Time spent auto-exploring this place.
 F = Levels seen in this place.
 G = Mean time per level.
                   A        B        C        D        E       F      G
               +--------+--------+--------+--------+--------+-----+--------+
         Total |    433 |    433 |      0 |     16 |    177 |   1 |  433.0 |
       Dungeon |    433 |    433 |      0 |     16 |    177 |   1 |  433.0 |
               +--------+--------+--------+--------+--------+-----+--------+

Top non-repeatable levels by time:
     D:1: 433 daAuts
